 Dungeon Crawl Stone Soup version 0.31-a0-702-gf82c85558f (webtiles) character file.

Game seed: 11699275011277669576

263 qw the Shooter (level 6, -6/38 HPs)
             Began as a Gargoyle Hunter on Sept 7, 2023.
             Mangled by a mummy (7 damage)
             ... in an ossuary.
             The game lasted 00:01:18 (3018 turns).

qw the Shooter (Gargoyle Hunter)                    Turns: 3018, Time: 00:01:18

Health: -6/38      AC: 10    Str: 14    XL:     6   Next: 19%
Magic:  6/6        EV: 10    Int: 10    God:
Gold:   120        SH:  0    Dex: 15    Spells: 5/5 levels left

rFire   . . .        Y - +0 hand cannon (flame)
rCold   . . .        (no shield)
rNeg    + . .        k - +0 ring mail
rPois   inf          a - +0 helmet
rElec   +            (no cloak)
rCorr   .            (no gloves)
SInv    +            (no boots)
Will    .....        (no amulet)
Stlth   +            h - ring of see invisible
HPRegen 0.26/turn    (no ring)
MPRegen 0.10/turn

%: no passive effects
@: no status effects
A: sickness immunity, AC +4, negative energy resistance 1, electricity
resistance, torment resistance 1, petrification resistance
a: no special abilities


You were in an ossuary.
You visited 1 branch of the dungeon, and saw 4 of its levels.
You also visited: Ossuary.

You collected 120 gold pieces.


Innate Abilities, Weirdness & Mutations

You are immune to sickness and miasma.
Your stone body is resilient. (AC +4)
You are immune to poison.
You resist negative energy. (rN+)
You are resistant to electric shocks. (rElec)
You are resistant to unholy torment.
You are immune to petrification.


   Skills:
 - Level 4.2 Fighting
 + Level 6.3 Ranged Weapons
 - Level 1.0 Armour
 - Level 1.5 Dodging
 - Level 1.1 Stealth


You had 5 spell levels left.
You didn't know any spells.
Your spell library was empty.

Inventory:

Hand Weapons
 Y - a +0 hand cannon of flaming (weapon)
Armour
 a - a +0 helmet (worn)
 k - a +0 ring mail (worn)
Jewellery
 h - a ring of see invisible (left hand)
Scrolls
 f - a scroll of identify
Potions
 e - a potion of haste
 g - 3 potions of curing
 j - a potion of heal wounds {unknown}
 l - a potion of brilliance {unknown}
 n - a potion of might {unknown}

Dungeon Overview and Level Annotations

Branches:
Dungeon (4/15)            Ossuary (1/1)
 Temple: D:4-7

Altars:
Cheibriados
Kikubaaqudgha
Okawaru
Sif Muna
Uskayaw

Shops:
D:2 [


Message History

The kobold zombie closely misses you.
The orc zombie hits you but does no damage.
The rat zombie closely misses you.
The human zombie hits you but does no damage.
The human zombie hits you.
You shoot a bolt. The bolt hits the human zombie!
The bolt burns the human zombie.
You destroy the human zombie!
The gnoll zombie barely misses you.
The orc zombie hits you but does no damage.
The hobgoblin zombie hits you but does no damage.
The gnoll zombie misses you. The rat zombie barely misses you.
The kobold zombie hits you but does no damage.
The human zombie barely misses you.
The gnoll zombie hits you but does no damage.
The hobgoblin zombie hits you but does no damage.
The rat zombie bites you but does no damage.
You shoot a bolt. The bolt hits the mummy.
The bolt burns the mummy.
The mummy is moderately damaged.
The human zombie closely misses you.
The gnoll zombie hits you but does no damage.
The mummy barely misses you. The hobgoblin zombie barely misses you.
The rat zombie bites you but does no damage.
The human zombie hits you but does no damage.
You shoot a bolt. The bolt hits the mummy.
The bolt burns the mummy.
The mummy is heavily damaged.
The gnoll zombie hits you but does no damage.
The hobgoblin zombie closely misses you.
The rat zombie completely misses you. The mummy hits you.
The mummy hits you but does no damage.
The human zombie hits you but does no damage.
The mummy hits you but does no damage. The mummy hits you.
The gnoll zombie barely misses you.
You shoot a bolt. The bolt hits the mummy.
The bolt burns the mummy.
The mummy is almost destroyed.
The rat zombie bites you but does no damage.
The hobgoblin zombie closely misses you.
The human zombie barely misses you. The mummy barely misses you.
The mummy hits you! The mummy barely misses you. The mummy hits you!
You die...

...............
...............
...............
...............
...............
.......Z.ยค.....
.....ZMZZ......
.....ZM@MZ.....
......ZZM......
......ZZ.......
...............
...............
...............
...............
...............


You could see 4 mummies, a rat zombie, a goblin zombie, a hobgoblin zombie, 2
gnoll zombies, a kobold zombie, 2 orc zombies, an elf zombie and a human zombie.

Vanquished Creatures
  An orc priest (D:3)
  A human zombie (Ossuary)
  A hound (D:4)
  Robin (D:3)
  4 adders
  3 worms (D:2)
  4 dart slugs
  4 orcs
  5 ball pythons
  8 endoplasms
  2 giant cockroaches
  15 hobgoblins
  8 jackals
  3 quokkas
  5 bats
  6 frilled lizards
  15 goblins
  A jackal zombie (Ossuary)
  10 kobolds
  5 rats
102 creatures vanquished.

Notes
Turn   | Place    | Note
-------+----------+-------------------------------------------
     0 | D:1      | qw the Gargoyle Hunter began the quest for the Orb.
     0 | D:1      | Reached XP level 1. HP: 12/12 MP: 1/1
     0 | D:1      | 0 ||| qw: Version: 0.3-a-76-g4403597
     0 | D:1      | 0 ||| qw: Game counter: 817
     0 | D:1      | 0 ||| qw: Melee chars always use a shield: true
     0 | D:1      | 0 ||| qw: God list: Okawaru
     0 | D:1      | 0 ||| qw: Allow faded altars: false
     0 | D:1      | 0 ||| qw: Do Orc after clearing Dungeon:15 true
     0 | D:1      | 0 ||| qw: Do second Lair branch before Depths: true
     0 | D:1      | 0 ||| qw: Lair rune preference: random
     0 | D:1      | 0 ||| qw: Goals: Normal
     0 | D:1      | 0 ||| PLANNING D:1-11
    81 | D:1      | Reached XP level 2. HP: 12/17 MP: 2/2
   354 | D:1      | Reached XP level 3. HP: 21/21 MP: 3/3
   363 | D:1      | Reached skill level 5 in Ranged Weapons
   791 | D:1      | 791 ||| READING scroll labelled OMEULU BYWKA.
   792 | D:1      | 792 ||| READING 2 scrolls labelled WIDYUV KAULLI.
   793 | D:1      | 793 ||| DROPPING scroll of butterflies.
   849 | D:2      | Reached skill level 3 in Fighting
  1171 | D:2      | Reached XP level 4. HP: 28/28 MP: 4/4
  1230 | D:2      | Found Fasaura's Antique Armour Shop.
  1238 | D:2      | 1238 ||| SHOPLISTING glowing leather armour (130 gold, have
                  | 35).
  1238 | D:2      | 1238 ||| SHOPLISTING glowing robe (96 gold, have 35).
  1238 | D:2      | 1238 ||| SHOPLISTING ring mail (104 gold, have 35).
  1702 | D:2      | Found a faded altar of an unknown god.
  1752 | D:2      | 1752 ||| UPGRADING to +0 helmet.
  1757 | D:2      | 1757 ||| UPGRADING to ring of see invisible.
  1758 | D:2      | 1758 ||| READING scroll labelled VIFFIZX GOOPHAR.
  1758 | D:2      | Identified a scroll of acquirement
  1758 | D:2      | 1758 ||| ACQUIRING +0 hand cannon of flaming
  1758 | D:2      | Acquired a +0 hand cannon of flaming
  1760 | D:2      | 1760 ||| SWAPPING to +0 hand cannon of flaming.
  1761 | D:2      | 1761 ||| DROPPING +0 shortbow.
  1762 | D:2      | 1762 ||| READING 2 scrolls of identify.
  1762 | D:2      | 1762 ||| IDENTIFYING lumpy puce potion
  1763 | D:2      | 1763 ||| DROPPING potion of degeneration.
  1813 | D:3      | Found a hide-covered altar of Uskayaw.
  1860 | D:3      | Found an ancient bone altar of Kikubaaqudgha.
  1863 | D:3      | Found a snail-covered altar of Cheibriados.
  1868 | D:3      | Found a shimmering blue altar of Sif Muna.
  2010 | D:3      | Reached skill level 6 in Ranged Weapons
  2010 | D:3      | Reached XP level 5. HP: 32/32 MP: 5/5
  2049 | D:3      | Reached skill level 1 in Armour
  2262 | D:3      | 2262 ||| FLEEEEING.
  2265 | D:3      | 2265 ||| FLEEEEING.
  2266 | D:3      | 2266 ||| FLEEEEING.
  2267 | D:3      | 2267 ||| FLEEEEING.
  2268 | D:3      | 2268 ||| FLEEEEING.
  2269 | D:3      | 2269 ||| FLEEEEING.
  2270 | D:3      | 2270 ||| FLEEEEING.
  2271 | D:3      | 2271 ||| FLEEEEING.
  2272 | D:3      | 2272 ||| FLEEEEING.
  2273 | D:3      | 2273 ||| FLEEEEING.
  2274 | D:3      | 2274 ||| FLEEEEING.
  2275 | D:3      | 2275 ||| FLEEEEING.
  2369 | D:3      | Noticed Robin
  2378 | D:3      | Killed Robin
  2381 | D:3      | HP: 7/32 [goblin/+0 club[Robin] (2)]
  2388 | D:3      | HP: 1/32 [goblin/+0 club[Robin] (4)]
  2625 | D:3      | 2625 ||| UPGRADING to +0 ring mail.
  2635 | D:3      | 2635 ||| DROPPING +0 leather armour.
  2636 | D:3      | 2636 ||| READING scroll labelled KIAFET JIDIGRU.
  2637 | D:3      | 2637 ||| READING scroll labelled ASCHEU DYNEO.
  2661 | D:3      | 2661 ||| READING scroll labelled YXTAUG VABLOOT.
  2662 | D:3      | 2662 ||| DRINKING 4 metallic coppery potions.
  2663 | D:3      | 2663 ||| READING 2 scrolls of identify.
  2663 | D:3      | 2663 ||| IDENTIFYING sedimented golden potion
  2676 | D:4      | 2676 ||| PLANNING OSSUARY
  2809 | D:4      | Reached XP level 6. HP: 38/38 MP: 6/6
  2869 | D:4      | Found an iron altar of Okawaru.
  2872 | D:4      | Found a sand-covered staircase.
  2873 | D:4      | 2873 ||| READING scroll labelled BUOBEORCHEORGH.
  2974 | D:4      | 2974 ||| DRINKING 2 bubbling ruby potions.
  2996 | D:4      | 2996 ||| DROPPING potion of lignification.
  3005 | Ossuary  | Entered an ossuary
  3018 | Ossuary  | HP: 1/38 [mummy (13)]
  3018 | Ossuary  | Mangled by a mummy

Levels and vault maps discovered:
D:1:      eino_arrival_water_star, layout_loops_ring, minmay_domino_4
D:2:      layout_basic, serial_shops, shop, hellmonk_ecumenical_altar_zigzags
D:3:      kennysheep_goblin_castle, layout_rooms, lemuel_crystal_altar,
          grunt_temple_overflow_diamond
D:4:      minmay_chambers_of_threes, layout_basic, lemuel_crystal_altar,
          chequers_ossuary_entry_cave, uniq_ijyb
Ossuary:  ossuary_minmay_tomb_2a

Skill      XL: |  1  2  3  4  5 |
---------------+----------------+-----
Ranged Weapons | 5 6 |  6.3
Fighting       | 3 4 |  4.2
Armour         | 1 |  1.0
Dodging        | |  1.5
Stealth        | |  1.1

Action                     |  1- 3 |  4- 6 || total
---------------------------+-------+-------++-------
   Fire: Shortbow          |   132 |    65 ||   197
         Hand cannon       |       |   110 ||   110
    Use: Scroll            |     2 |     7 ||     9
         Potion            |       |     2 ||     2
 Armour: Leather armour    |    54 |   109 ||   163
         Ring mail         |       |    55 ||    55
  Dodge: Dodged            |    47 |   133 ||   180

Table legend:
 A = Non-vault XP
 B = Vault XP
 C = Vault XP percentage of total XP
 D = Non-vault monster count
 E = Vault monster count
 F = Vault count percentage of total count
                 A         B        C        D         E       F
            +---------+---------+-------+---------+---------+-------
      Total |     273 |     103 |  27.4 |      75 |      27 |  26.5
            +---------+---------+-------+---------+---------+-------
        D:1 |      50 |       7 |  12.3 |      27 |       4 |  12.9
        D:2 |      72 |       0 |   0.0 |      23 |       0 |   0.0
        D:3 |      91 |      53 |  36.8 |      19 |      21 |  52.5
        D:4 |      60 |       0 |   0.0 |       6 |       0 |   0.0
    Ossuary |       0 |      43 | 100.0 |       0 |       2 | 100.0
            +---------+---------+-------+---------+---------+-------
